 Dungeon Crawl Stone Soup version 0.31-a0-523-g071a6c1ffa (webtiles) character file.

Game seed: 8042866437117806024

21 GordonOverkill the Sneak (level 2, 0/16 HPs)
             Began as a Vine Stalker Delver on Aug 10, 2023.
             Killed from afar by a white imp (1 damage)
             ... with a puff of frost
             ... on level 6 of the Dungeon.
             The game lasted 00:00:32 (127 turns).

GordonOverkill the Sneak (Vine Stalker Delver)       Turns: 127, Time: 00:00:32

Health: 0/16       AC:  4    Str: 14    XL:     2   Next: 83%
Magic:  0/3        EV: 11    Int: 10    God:
Gold:   4          SH:  0    Dex: 15    Spells: 1/1 levels left

rFire   . . .        j - +0 flail
rCold   . . .        (no shield)
rNeg    . . .        b - +0 leather armour
rPois   .            h - +0 helmet
rElec   .            (no cloak)
rCorr   .            (no gloves)
SInv    .            (no boots)
Will    .....        (no amulet)
Stlth   +++          (no ring)
HPRegen 0.22/turn    (no ring)
MPRegen 0.08/turn

%: guardian spirit
@: no status effects
A: fangs 2, magic shield, antimagic bite, no potion heal 2
a: no special abilities


You were on level 6 of the Dungeon.
You visited 1 branch of the dungeon, and saw 2 of its levels.

You collected 4 gold pieces.

Inventory:

Hand Weapons
 j - a +0 flail (weapon)
Armour
 b - a +0 leather armour (worn)
 h - a +0 helmet (worn)
Wands
 g - a wand of digging (3)
Scrolls
 c - a scroll of fog
 d - a scroll of revelation
 e - a scroll of fear
 i - a scroll of silence {unknown}
Potions
 f - a potion of haste


   Skills:
 - Level 2.6 Fighting
 + Level 3.0 Maces & Flails
 - Level 1.5 Dodging
 - Level 6.0 Stealth


You had one spell level left.
You didn't know any spells.
Your spell library was empty.

Dungeon Overview and Level Annotations

Branches:
Dungeon (6/15)
 Temple: D:4-7

Altars:


Innate Abilities, Weirdness & Mutations

You have extremely sharp teeth.
When hurt, damage is shared between your health and your magic reserves.
Your bite disrupts and absorbs the magic of your enemies.
Potions cannot restore your health.


Message History

The adder completely misses you. The adder closely misses you.
You barely miss the adder.
The adder is heavily wounded.
The adder bites you.
* * * LOW HITPOINT WARNING * * *
You sock the adder!
You kill the adder!
Your Maces & Flails skill increases to level 3!
You see here an adder corpse.
You start resting.
Magic restored.
You start resting.
A white imp is nearby!
You see here an adder corpse.
The white imp shouts, "Remove thy stench, thou villainous base-court barnacle!"
You barely miss the white imp. The white imp gestures at you.
The puff of frost hits you.
* * * LOW HITPOINT WARNING * * *
You closely miss the white imp.
The white imp hits you but does no damage.
You hit the white imp but do no damage. You bite the white imp.
The white imp's magic leaks into the air.
You drain its magic.
You feel invigorated.
The white imp is lightly wounded.
The white imp hits you.
* * * LOW HITPOINT WARNING * * *
The white imp freezes you.
* * * LOW HITPOINT WARNING * * *
You barely miss the white imp.
The white imp is lightly wounded.
The white imp gestures at you. The puff of frost hits you!
* * * LOW HITPOINT WARNING * * *
The white imp barely misses you.
You barely miss the white imp. Your bite misses the white imp.
The white imp is lightly wounded.
The white imp gestures at you. The puff of frost hits you.
You die...

.......#
#.....#
#.....#.....#
#.....#.....#
#....?#.....###
#.....#.......
#.....#.....#
#....†#.....#
#....@#.....###
#...5.'.......#
#.....#.......#
#.....#..†....#
#.######)..<..#
#. #......# #
#......#
########


You could see a white imp (magic disrupted).

Vanquished Creatures
  2 adders (D:6)
  An orc (D:6)
3 creatures vanquished.

Notes
Turn   | Place    | Note
-------+----------+-------------------------------------------
     0 | D:5      | GordonOverkill the Vine Stalker Delver began the quest for
                  | the Orb.
     0 | D:5      | Reached XP level 1. HP: 11/11 MP: 2/2
    32 | D:6      | Noticed a scorpion
    47 | D:6      | Reached XP level 2. HP: 6/16 MP: 3/3
   127 | D:6      | Killed from afar by a white imp

Illustrated notes

Levels and vault maps discovered:
D:5:      layout_basic, mainiacjoe_overflow_alcove_1, uniq_pikel
D:6:      layout_basic, lemuel_tele_altar, minmay_temple_entry_mini_moons,
          kennysheep_generic_room_12, uniq_blork_the_orc

Skill      XL: |  1  2 |
---------------+-------+-----
Maces & Flails | 2 3 |  3.0
Fighting       | |  2.6
Dodging        | |  1.5
Stealth        | |  6.0

Action                     || total
---------------------------++-------
  Melee: Mace              ||     5
         Bite              ||     4
         Flail             ||    11
 Armour: Leather armour    ||     2
  Dodge: Dodged            ||    10

Table legend: (Time is in decaauts)
 A = Elapsed time spent in this place.
 B = Non-inter-level travel time spent in this place.
 C = Inter-level travel time spent in this place.
 D = Time resting spent in this place.
 E = Time spent auto-exploring this place.
 F = Levels seen in this place.
 G = Mean time per level.
                   A        B        C        D        E       F      G
               +--------+--------+--------+--------+--------+-----+--------+
         Total |    130 |    130 |      0 |     56 |      0 |   2 |   65.0 |
       Dungeon |    130 |    130 |      0 |     56 |      0 |   2 |   65.0 |
               +--------+--------+--------+--------+--------+-----+--------+

Top non-repeatable levels by time:
     D:6: 92 daAuts
     D:5: 37 daAuts
